[Event "Romanian Rapid Open 2022"]
[Site "Sebes"]
[Date "2022.12.02"]
[Round "2.26"]
[White "Nastore, Pavel-Alexandru"]
[Black "Dobre, Ana-Margareta-Alexan"]
[Result "0-1"]
[ECO "D02"]
[WhiteElo "2218"]
[BlackElo "1857"]
[Annotator "TA"]
[PlyCount "88"]
[EventDate "2022.12.02"]
[EventType "rapid"]
[EventCountry "ROU"]
[SourceTitle "playchess.com"]
[Source "ChessBase"]
[SourceQuality "1"]
[TimeControl "600+5"]

1. d4 Nf6 2. Nf3 e6 3. g3 d5 4. Bg2 Be7 5. O-O O-O 6. b3 c5 7. Bb2 {[%emt 0:00:06] 7.dxc5 is the fancy move. D02: 1 d4 d5 2 Nf3 sidelines, including 2...Nf6 3 g3 and 2...Nf6 3 Bf4.} b6 8. Nbd2 Bb7 9. Ne5 {[%emt 0:00:02] The position is equal.} cxd4 10. Bxd4 Nc6 11. Nxc6 Bxc6 12. c4 Rc8 {[%emt 0:00:01] [#]} 13. e3 $146 ({Predecessor:} 13. cxd5 Nxd5 14. Ne4 f5 15. Nd2 Bf6 16. Nc4 Qc7 17. Bxf6 gxf6 18. Rc1 Rfd8 19. Qd2 {1-0 (107) Radenic,F (2083)-Ouellet,M (1947) Poprad 2016}) 13... dxc4 14. Bxc6 {[%emt 0:00:18] Threatens to win with Bg2.} Rxc6 15. Nxc4 Qd5 16. Qe2 Qf5 17. f3 Rfc8 18. e4 Qh5 19. Qf2 b5 20. Ne3 Bc5 21. Rad1 Bb6 22. Bxb6 axb6 23. Rd3 Rc1 24. Rxc1 Rxc1+ 25. Kg2 {[%emt 0:00:02] Intending Rd8+ and mate.} h6 26. Qd2 Qc5 (26... Rc7 $11) 27. b4 $1 $14 Qc7 28. Qb2 (28. Rd8+ $16 Kh7 29. e5) 28... Re1 29. Qd2 (29. Nd1 {keeps more tension.} Qc4 30. Qd2 Kh7 31. h4) 29... Ra1 30. a3 (30. Ra3 {looks sharper.} Qe5 31. Nd1 Rb1 32. Rb3) 30... Rc1 (30... Qe5 $11) 31. Qe2 (31. Rd8+ $16 Kh7 32. e5) 31... Nd7 $11 32. Qd2 Ne5 33. Rd8+ Kh7 {[%emt 0:00:01][%cal Oc1g1] And now ...Rg1+! would win.} 34. f4 Ng4 35. Rd3 (35. Nxg4 $2 Rc2 $17) (35. Rd4 $1 $11) 35... Nxe3+ $17 36. Qxe3 {[%emt 0:00:01][%cal Od3d7][%mdl 4096] Endgame [#] KQR-KQR} Rc2+ (36... Qc4 $1 $17) 37. Rd2 $11 Rc3 $36 {[%emt 0:00:11][%mdl 2048] Black is pushing.} 38. Rd3 Rc2+ 39. Rd2 Rc1 40. Qd3 g6 41. e5 (41. Qxb5 $5 Rc2 42. Qd3 Rxd2+ 43. Qxd2 $14) 41... Qc6+ 42. Qf3 $2 {[%emt 0:00:03][%mdl 8192] [#]} (42. Kh3 $11) 42... Rg1+ $3 $19 {[%emt 0:00:01][%mdl 512] Black is clearly winning.} 43. Kxg1 Qxf3 44. Rf2 Qxa3 {[%emt 0:00:01] Weighted Error Value: White=0.31/Black=0.14 (very precise)} 0-1

[Event "Romanian Rapid Open 2022"]
[Site "Sebes"]
[Date "2022.12.02"]
[Round "2.27"]
[White "Craciun, Ovidiu"]
[Black "Daianu, Cristian-Clement"]
[Result "0-1"]
[ECO "B90"]
[WhiteElo "1857"]
[BlackElo "2189"]
[Annotator "TA"]
[PlyCount "40"]
[EventDate "2022.12.02"]
[EventType "rapid"]
[EventCountry "ROU"]
[SourceTitle "playchess.com"]
[Source "ChessBase"]
[SourceQuality "1"]
[TimeControl "600+5"]

1. e4 c5 2. Nf3 d6 3. d4 cxd4 4. Nxd4 Nf6 5. Nc3 a6 6. Qf3 g6 {[%emt 0:01:09] B90: Sicilian Najdorf: Unusual White 6th moves, 6 Be3 Ng4 and 6 Be3 e5.} 7. Be2 Bg7 8. Be3 {[%emt 0:00:02] [#]} O-O $146 {[%emt 0:00:47] The position is equal.} ({Predecessor:} 8... Ng4 9. O-O-O h5 10. Kb1 Nd7 11. h3 Nde5 12. Qf4 Bh6 13. Qg3 Nxe3 14. fxe3 Bd7 {½-½ (47) Weise,W (1591)-Oliveira,T (1988) Montevideo 2014}) 9. Qg3 Nc6 10. O-O-O Nxd4 11. Bxd4 Be6 12. h4 {[%emt 0:00:48] Black should prevent h5.} Rc8 ({Black should play} 12... Qa5 $11) 13. e5 (13. h5 $14) 13... dxe5 $11 14. Bxe5 {[%emt 0:00:16] White does not recover from this.} (14. Qxe5 $11 h5 15. a3) 14... Qa5 $1 $19 {[%emt 0:00:02] aiming for ...Bh6+.} 15. f4 $2 (15. Bd4 {was the only defense.}) 15... b5 $1 ({Not} 15... Bxa2 16. Nxa2 Qxa2 17. Qa3 Qxa3 18. bxa3 $17) 16. a3 b4 {[%emt 0:00:08][%cal Ob4a3] Threatens to win with ...bxa3! Black is clearly winning.} 17. axb4 Qa1+ 18. Kd2 Qxb2 19. Rb1 {[%emt 0:00:05] [#]} Rfd8+ (19... Ne4+ $142 $1 20. Ke1 Qxb1+ 21. Nxb1 Nxg3) 20. Bd3 {[%emt 0:00:21] [#]} Qxc3+ {[%emt 0:00:14] Weighted Error Value: White=1.14/Black=0.32} 0-1

[Event "Romanian Rapid Open 2022"]
[Site "Sebes"]
[Date "2022.12.02"]
[Round "2.28"]
[White "Dragomirescu, Angela"]
[Black "Zaharie, Ioan"]
[Result "1-0"]
[ECO "A07"]
[WhiteElo "2104"]
[BlackElo "1704"]
[Annotator "TA RC"]
[PlyCount "83"]
[EventDate "2022.12.02"]
[EventType "rapid"]
[EventCountry "ROU"]
[SourceTitle "playchess.com"]
[Source "ChessBase"]
[SourceQuality "1"]
[TimeControl "600+5"]

1. Nf3 Nf6 2. g3 g6 3. Bg2 Bg7 4. O-O O-O 5. d3 d5 6. c3 c6 7. Nbd2 Re8 {[%emt 0:00:02] A07: Réti Opening: New York and Capablanca Systems.} 8. e4 dxe4 9. dxe4 e5 (9... Nfd7 $11) 10. Qc2 (10. Nc4 $14) 10... Qc7 $11 11. Nc4 b5 {[%emt 0:00:19] [#]} 12. Ncd2 $146 ({Predecessor:} 12. Ne3 Bb7 13. b3 Nbd7 14. c4 b4 15. Bb2 Nc5 16. Nd2 Rad8 17. Rfd1 Nd3 18. Nd5 cxd5 19. Qxd3 dxe4 {1-0 (63) Truong,T (1840)-Mottais,F (2154) Noisy le Grand 2003}) 12... Bb7 13. a4 Nbd7 14. Nb3 a6 15. Qe2 (15. Nfd2 $11) 15... Nb6 (15... c5 $17 16. axb5 axb5 17. Rxa8 Rxa8) 16. Nc5 Bc8 17. Nd2 (17. b3 $11) 17... Nfd7 (17... Bf8 $5 18. Ndb3 a5 $11) 18. Ndb3 Nxc5 19. Nxc5 Nd7 (19... Bf8 $15 20. Be3 Bxc5 21. Bxc5 Nxa4) 20. Nb3 Rb8 21. axb5 cxb5 22. Be3 Bb7 ({Black should play} 22... Nb6 $11) 23. Rfd1 (23. Rfc1 $14) 23... Rbc8 ({Black should try} 23... Bf8 $11) 24. Bh3 Rcd8 25. f3 (25. Na5 $5 ) 25... Bf8 {[%emt 0:00:42] [#]} (25... Nb6 $11) 26. Qf2 $1 $16 {[%emt 0:00:02] Black is now going downhill.} Bc8 27. Bf1 {[%emt 0:00:07][%cal Oc3c4] Prevents Qc4. White is much more active.} Nb8 $2 (27... Re6 $14) 28. Bb6 $18 Qe7 29. Rxd8 Rxd8 30. Bxd8 Qxd8 31. Be2 Qc7 32. Kg2 Qd7 (32... Kg7 $142 33. Bd1 Nd7) 33. Rd1 Qc7 34. Bf1 Be6 35. Nc1 Bc5 36. Qd2 {[%emt 0:00:02] [#] aiming for Qd8+.} Nc6 {[%emt 0:00:12] Against Qd8+} 37. Nd3 Ba7 38. b4 Kg7 39. Nc5 Bc8 (39... Bxc5 $142 40. bxc5 Qb7) 40. Qd6 Qb6 41. Qd2 Qc7 $1 42. h4 {[%emt 0:00:05] Weighted Error Value: White=0.43/Black=0.39} 1-0

[Event "Romanian Rapid Open 2022"]
[Site "Sebes"]
[Date "2022.12.02"]
[Round "2.29"]
[White "Vasilca, Cornel"]
[Black "Teodorescu, Razvan"]
[Result "0-1"]
[ECO "B20"]
[WhiteElo "1520"]
[BlackElo "2118"]
[Annotator "TA"]
[PlyCount "54"]
[EventDate "2022.12.02"]
[EventType "rapid"]
[EventCountry "ROU"]
[SourceTitle "playchess.com"]
[Source "ChessBase"]
[SourceQuality "1"]
[TimeControl "600+5"]

1. e4 c5 2. Bc4 Nc6 3. d3 e6 4. a3 Nge7 5. Nc3 d5 6. exd5 {[%emt 0:00:15] B20: Sicilian: Unusual White 2nd moves.} exd5 {[%emt 0:00:04] [#]} 7. Bb3 $146 ({Predecessor:} 7. Ba2 g6 8. h3 Bg7 9. Nf3 O-O 10. O-O h6 11. Bf4 Be6 12. Qd2 Kh7 13. Rab1 {1-0 (44) Mamantuc,I (1564)-Al Ali,A (1693) Sharjah 2022}) 7... Be6 8. Nf3 {[%emt 0:00:07] The position is equal.} Nf5 9. O-O Be7 10. Bf4 (10. Ne2 $1 $11) 10... O-O (10... g5 $5 11. Be5 O-O $15) 11. Bg3 (11. Ne2 $11) 11... Bf6 $17 12. Re1 a6 13. Be5 Nxe5 14. Nxe5 Qd6 15. f4 (15. Nf3 $142) 15... b5 16. Qd2 Rad8 ({Worse is} 16... c4 17. Ba2 $17) (16... g5 $19 17. g3 Bg7) 17. Rad1 (17. Ne2 $17) 17... Rfe8 18. Ng4 $2 {[%emt 0:00:10][%mdl 8192] [#]} (18. Ba2 $17 {was necessary.}) 18... Bd4+ $19 19. Nf2 c4 20. dxc4 (20. Ba2 $142) 20... dxc4 21. Ba2 Qb6 22. Nce4 Bd5 {[%emt 0:00:50] Against c3. This pair of bishops is nice.} 23. c3 Be3 24. Rxe3 Nxe3 25. Re1 Ng4 26. Bb1 Bxe4 27. Rxe4 Rxe4 {[%emt 0:00:12] White did not feel at home in the position after the opening.   Weighted Error Value: White=1.20/Black=0.30} ({Don't do} 27... Rxd2 28. Rxe8#) 0-1

[Event "Romanian Rapid Open 2022"]
[Site "Sebes"]
[Date "2022.12.02"]
[Round "2.30"]
[White "Nastase, Robert-Paul"]
[Black "Stan, Luciana-Gabriela"]
[Result "1-0"]
[ECO "B41"]
[WhiteElo "2229"]
[BlackElo "1823"]
[Annotator "TA"]
[PlyCount "61"]
[EventDate "2022.12.02"]
[EventType "rapid"]
[EventCountry "ROU"]
[SourceTitle "playchess.com"]
[Source "ChessBase"]
[SourceQuality "1"]
[TimeControl "600+5"]

1. e4 c5 2. Nf3 e6 3. d4 cxd4 4. Nxd4 a6 5. c4 Nf6 6. Nc3 Qc7 7. a3 d6 8. Be3 {[%emt 0:00:02] B41: Sicilian: Kan Variation: 5 c4.} Nbd7 9. Rc1 {[%emt 0:00:02] was the old line (9.Be2).} b6 10. Be2 {[%emt 0:00:02] White is slightly better.} Bb7 11. f3 Be7 12. O-O Rc8 13. Qd2 Qb8 14. Rfd1 O-O 15. Qe1 Rfe8 16. Kh1 {[%emt 0:00:07] [#]} Bf8 $146 ({Predecessor:} 16... Bd8 17. Qg1 Bc7 18. b4 Qa8 19. Nb3 d5 20. exd5 exd5 21. c5 bxc5 22. bxc5 Be5 {0-1 (63) Zimmer,R (2107)-Nalbant,T (1912) Mamaia 2017}) 17. Qg1 (17. Qf2 {seems wilder.} d5 18. cxd5 exd5 19. exd5 Qe5 20. Nc2) 17... d5 18. cxd5 (18. exd5 {feels hotter.} exd5 19. cxd5 b5 20. Nf5) 18... exd5 19. Nxd5 (19. exd5 {with more complications.} b5 20. Nf5 g6 21. Ng3) 19... Nxd5 20. exd5 Rxc1 21. Rxc1 Bxd5 (21... Nf6 $11) 22. Bxa6 $16 Bd6 (22... Qe5 $16) 23. Bb5 $18 Qb7 24. Nf5 Be5 (24... Bf8 $142 25. Bf4 Rc8) 25. Bd4 {[%emt 0:00:29] [#] And now Bxe5 would win.} Bf4 (25... Re6 26. Qe3 Bf6) 26. Re1 Rxe1 27. Qxe1 {[%emt 0:00:01] Strongly threatening Qe8+.} Be6 28. Nxg7 Nf8 {[%emt 0:00:27] [#]} (28... Qd5 29. Nxe6 fxe6) 29. Nh5 Ng6 30. Nxf4 Nxf4 31. Qe5 {[%emt 0:00:02] Weighted Error Value: White=0.25 (precise) /Black=0.64} 1-0

[Event "Romanian Rapid Open 2022"]
[Site "Sebes"]
[Date "2022.12.02"]
[Round "2.32"]
[White "Cazan, Mircea-Andrei"]
[Black "Stefan, Romulus-Cristian"]
[Result "0-1"]
[ECO "A04"]
[WhiteElo "1898"]
[BlackElo "2097"]
[Annotator "TA"]
[PlyCount "66"]
[EventDate "2022.12.02"]
[EventType "rapid"]
[EventCountry "ROU"]
[SourceTitle "playchess.com"]
[Source "ChessBase"]
[SourceQuality "1"]
[TimeControl "600+5"]

1. g3 e5 2. Bg2 Nc6 3. d3 g6 4. Nf3 Bg7 5. O-O d6 6. e4 Nge7 7. Be3 {[%emt 0:00:35] A04: Unusual lines after 1 Nf3 and King's Indian Attack.} O-O 8. Nc3 h6 9. Qd2 {[%emt 0:00:08] White has an edge.} Kh7 10. Nh4 {[%emt 0:00:46] [#]} (10. d4 $11) 10... Nd4 $146 (10... g5 $5 11. Nf3 f5 12. exf5 Nxf5 $15) ({Predecessor:} 10... g5 11. Bxg5 hxg5 12. Qxg5 Ng6 13. Qh5+ Bh6 14. Nf5 Qg5 15. Qxh6+ Qxh6 16. Nxh6 Kxh6 {1-0 (70) Larino Nieto,D (2473)-Anton Guijarro,D (2674) chess24.com INT 2020}) 11. Bxd4 exd4 12. Ne2 a5 13. f4 f5 (13... c5 {looks sharper.} 14. f5 Bf6 15. c3 g5) 14. Rae1 c6 15. Nf3 Qb6 16. Kh1 (16. e5 $11) 16... Qxb2 $15 17. Rb1 ({Better is} 17. Nfxd4 $15 a4 18. Ra1) 17... Qxa2 $17 18. Ra1 Qf7 19. Rxa5 Rxa5 20. Qxa5 c5 21. Qb6 fxe4 22. dxe4 Nc6 23. Qb1 {[%emt 0:01:19] Against Qa2} (23. f5 $17) 23... Qc4 $19 24. Rf2 Nb4 {[%emt 0:00:36] Inhibits f5.} 25. Nc1 Qf7 (25... Be6 $19 {is more deadly. aiming for ...Qc3.} 26. Nd3 Qc3) 26. Nd3 $17 Na2 {[%emt 0:00:39] Black is more active.} (26... Nc6 $15) 27. e5 $1 $11 Nc3 $36 {[%emt 0:00:28][%mdl 2048] Black has the initiative.} (27... Qe6 {with more complications.} 28. exd6 Nc3 29. Qb6 Ne4) 28. Qe1 {[%emt 0:00:02] [#] This costs White the game.} (28. Qb6 $1 $11) 28... Qe7 29. exd6 (29. Rf1 $17 {is a better defense.}) 29... Qxd6 $19 30. Nfe5 b5 31. g4 $2 (31. Nf3) 31... c4 32. Nb2 Be6 33. Nd1 $2 {[%emt 0:00:26] [#]} (33. Nxg6 {was the only chance.} Kxg6 34. f5+ Bxf5 35. gxf5+ Rxf5 36. Qe8+ (36. Be4 $2 Nxe4 37. Qxe4 Qd5 $19) 36... Kf6 37. Rxf5+ Kxf5 38. Qh5+ Kf6 39. Qh4+ Kf7 40. Qh5+ Ke7 41. Qf3) 33... Nxd1 {[%emt 0:00:30] Weighted Error Value: White=0.52/Black=0.29 (precise)} 0-1

[Event "Romanian Rapid Open 2022"]
[Site "Sebes"]
[Date "2022.12.02"]
[Round "2.34"]
[White "Tatar, Marius Lucian"]
[Black "Zubcu, Vlad-George"]
[Result "0-1"]
[ECO "B28"]
[WhiteElo "1405"]
[BlackElo "2135"]
[Annotator "TA"]
[PlyCount "154"]
[EventDate "2022.12.02"]
[EventType "rapid"]
[EventCountry "ROU"]
[SourceTitle "playchess.com"]
[Source "ChessBase"]
[SourceQuality "1"]
[TimeControl "600+5"]

1. e4 c5 2. Nf3 e6 3. c3 d5 4. e5 a6 5. d4 Nc6 6. a3 cxd4 {[%emt 0:00:14] B28: Sicilian: 2 Nf3 a6 (O'Kelly Variation).} 7. cxd4 Nge7 8. b4 Nf5 {[%emt 0:00:07] The position is equal.} 9. Be3 ({White should play} 9. Be2 $11) 9... Nxe3 $15 10. fxe3 {[%emt 0:00:00] [#]} g6 $146 ({Predecessor:} 10... Be7 11. Bd3 O-O 12. O-O f5 13. exf6 Bxf6 14. Nc3 e5 15. Nxe5 Nxe5 16. dxe5 Bxe5 17. Qh5 Bf6 18. Bxh7+ {1-0 (18) Rosa Ramirez,V (1911)-Martinez Miura,E (1733) Madrid 2013}) 11. Bd3 Bh6 12. Qd2 O-O 13. O-O Bd7 14. Nc3 Rc8 15. Rac1 Qb6 16. Na4 Qa7 {[%emt 0:00:05][%cal Oc6d4] Hoping for ...Nxd4!} 17. Nc5 Be8 18. Qe2 a5 (18... Nb8 $11) 19. b5 $14 Ne7 20. b6 Qb8 21. Rc2 Rc6 22. Rb1 Nc8 23. Bb5 (23. Rcb2 $14) 23... Rxb6 $11 24. a4 Na7 25. Rbb2 ({Don't blunder} 25. Nd7 $2 Bxd7 26. h4 Rc8 $19) (25. g4 $11 {should be considered.}) 25... Bxb5 $15 26. axb5 Qe8 27. e4 Rxb5 ({Much worse is} 27... Nxb5 28. exd5 exd5 29. Qd3 $11) 28. exd5 exd5 {[%emt 0:00:04] ...b6 is the strong threat.} 29. Nxb7 {[%emt 0:00:00] Threatens to win with Nd6.} Rxb2 30. Rxb2 Nc6 31. Nd6 {[%emt 0:00:00] [#] Prevents a4.} Qe6 (31... Qd7 $1 $17 32. Rb6 Nb4) 32. Rb6 {[%emt 0:00:00] [#]} (32. h3 $1 $11) 32... Ne7 $1 $17 33. Qb2 (33. Ra6 $17 {was necessary.}) 33... Nc8 $19 34. Rc6 {[%emt 0:00:00] Black must now prevent Nxc8.} Qd7 ({Black should try} 34... Nxd6 $19 35. exd6 Kg7) 35. Nxc8 $2 {[%emt 0:00:00][%mdl 8192] White does not recover from this.} Rxc8 (35... Qxc6 $2 36. Ne7+ Kh8 37. Nxc6 $18) ({Inferior is} 35... Be3+ 36. Kf1 Rxc8 37. Rxc8+ Qxc8 38. Ke1 $17) 36. Rxc8+ Qxc8 $11 {[%emt 0:00:01][%mdl 4096] Endgame KQB-KQN} 37. h3 (37. Kf2 $142 a4 38. Qa2) 37... Qc1+ $19 38. Qxc1 Bxc1 {[%emt 0:00:01] KB-KN} 39. Kf2 a4 40. Ne1 a3 {[%emt 0:00:03] ( -> ...a2)} 41. Nc2 a2 {[%emt 0:00:01] Black mates.} 42. Ke2 Bb2 43. Kd3 a1=Q 44. Nxa1 Bxa1 {[%emt 0:00:01] KB-KP} 45. Ke3 Kg7 46. g4 h5 47. g5 h4 48. Kd3 Bb2 49. Ke3 Bc1+ 50. Kf3 Bxg5 {[%emt 0:00:02] KB-K3P} 51. Kg4 Be3 52. Kxh4 Bxd4 53. e6 fxe6 {[%emt 0:00:01] KB-KP} 54. Kg5 e5 55. h4 Be3+ 56. Kg4 Bh6 57. h5 gxh5+ 58. Kxh5 d4 59. Kg4 e4 60. Kg3 d3 61. Kf2 Kf6 62. Ke1 e3 63. Kd1 Ke5 64. Ke1 Bg5 65. Kd1 e2+ 66. Ke1 Bh4+ 67. Kd2 e1=Q+ 68. Kxd3 Qe4+ 69. Kd2 Bg5+ 70. Kc3 Qd4+ 71. Kc2 Qc4+ 72. Kd1 Qc1+ 73. Ke2 Qd2+ 74. Kf3 Qe3+ 75. Kg2 Bf4 76. Kh1 Qh3+ 77. Kg1 Be3# {[%emt 0:00:01] Weighted Error Value: White=0.62/Black=0.15 (very precise)} 0-1

[Event "Romanian Rapid Open 2022"]
[Site "Sebes"]
[Date "2022.12.02"]
[Round "2.35"]
[White "Dragut, Stefan-Cristian"]
[Black "Cosma, Ioan"]
[Result "0-1"]
[ECO "B23"]
[WhiteElo "1217"]
[BlackElo "2368"]
[Annotator "TA"]
[PlyCount "60"]
[EventDate "2022.12.02"]
[EventType "rapid"]
[EventCountry "ROU"]
[SourceTitle "playchess.com"]
[Source "ChessBase"]
[SourceQuality "1"]
[TimeControl "600+5"]

1. e4 c5 2. Nc3 Nc6 3. f4 g6 4. Nf3 Bg7 5. Bb5 Nd4 6. O-O Nxb5 7. Nxb5 d5 {[%emt 0:00:10] 7...d6 is the fancy move.} 8. d3 a6 {[%emt 0:00:18] B23: Closed Sicilian: Lines without g3.} 9. Nc3 Nf6 ({Better is} 9... Bxc3 $11 10. bxc3 dxe4 11. dxe4 Qxd1 12. Rxd1 Nf6) 10. Qe1 O-O {[%emt 0:00:26] White has an edge.} 11. e5 {[%emt 0:00:00] [#]} Ng4 $146 ({Predecessor:} 11... Ne8 12. Qh4 f6 13. Bd2 Be6 14. Rae1 Qd7 15. Re2 Nc7 16. h3 b5 17. g4 a5 {0-1 (42) Groleau,G (1975)-Arsenault,M (1980) Gatineau 2006}) 12. h3 Nh6 13. d4 cxd4 $1 14. Nxd4 Nf5 15. Be3 Nxe3 16. Qxe3 e6 17. g4 Re8 18. Rae1 Bd7 19. Qg3 Qc7 ({Much weaker is} 19... Qb6 $6 20. Qe3 $15) 20. f5 $2 {[%emt 0:00:00][%mdl 8192] [#] White does not recover from this.} (20. Qe3 $11) 20... exf5 $19 21. Nxd5 (21. Rd1 $142) 21... Qc5 {[%emt 0:00:06] Black is clearly winning.} 22. c3 (22. Rd1 $142 Qxd5 23. Nxf5 Qc5+ 24. Qf2 Qxf2+ 25. Rxf2 Bxf5 26. gxf5) 22... Qxd5 23. gxf5 Bxe5 24. Qg4 Bxd4+ 25. cxd4 Bxf5 26. Qh4 Re4 27. Rxe4 Qxe4 28. Qf2 Re8 ({Weaker is} 28... Bxh3 29. Qxf7+ Kh8 30. Qf6+ Kg8 31. Qf7+ Kh8 32. Qf6+ Kg8 33. Qf7+ $11) 29. Qd2 Qe3+ 30. Qxe3 Rxe3 {[%emt 0:00:01] Weighted Error Value: White=1.27/Black=0.40} 0-1

[Event "Romanian Rapid Open 2022"]
[Site "Sebes"]
[Date "2022.12.02"]
[Round "2.36"]
[White "Stefan, Iulia-Cristiana"]
[Black "Ceteras, Marius-Nicolae"]
[Result "0-1"]
[ECO "B24"]
[WhiteElo "1662"]
[BlackElo "2391"]
[Annotator "TA"]
[PlyCount "124"]
[EventDate "2022.12.02"]
[EventType "rapid"]
[EventCountry "ROU"]
[SourceTitle "playchess.com"]
[Source "ChessBase"]
[SourceQuality "1"]
[TimeControl "600+5"]

1. e4 c5 2. Nc3 Nc6 3. g3 Rb8 4. Bg2 b5 5. d3 b4 6. Nd5 {[%emt 0:00:48] B24: Closed Sicilian: 3 g3 sidelines.} e6 7. Ne3 g6 8. Nh3 {[%emt 0:00:10] White is slightly better.} Bg7 9. O-O Nge7 10. f4 f5 (10... O-O $11) 11. e5 $14 d5 {[%emt 0:00:19] Prevents Nc4.} 12. exd6 Qxd6 13. Nc4 Qc7 14. Ng5 O-O 15. Re1 (15. Be3 {simplifies} Na5 16. Nxa5 Qxa5 17. a3) 15... Nd4 $1 {[%emt 0:00:12] [#]} 16. Ne5 $146 (16. Be3 {simplifies} h6 17. Nf3 Nxf3+ 18. Bxf3 Ba6 19. Bf2) ({Predecessor:} 16. Bd2 Nec6 17. c3 bxc3 18. bxc3 h6 19. Nf3 Nxf3+ 20. Qxf3 Na5 21. Ne5 Rb2 22. Re2 {½-½ (48) Alonso Moyano,J (2341)-Martinez Fernandez,A (2318) Linares 2021}) 16... Nd5 (16... Bb7 {keeps more tension.} 17. c3 Bxg2 18. Kxg2 bxc3 19. bxc3 Qb7+) 17. Bd2 {[%emt 0:00:36] Black must now prevent c3.} h6 {[%emt 0:02:33] Against c3} 18. Ngf3 Nxf3+ 19. Bxf3 Kh7 20. Rb1 a5 21. c3 Re8 22. Nxg6 $2 Ba6 $2 (22... bxc3 $1 $19 23. bxc3 Nxc3 24. Bxc3 Rxb1 25. Qxb1 Bxc3) 23. c4 (23. Ne5 $1 $14) 23... Bd4+ 24. Kg2 Kxg6 25. Bh5+ Kg7 26. Bxe8 Rxe8 27. cxd5 {[%emt 0:00:05] And now Be3 would win.} Bb7 (27... Bxd3 $11 28. Rc1 Bxb2) 28. Qh5 $2 (28. Be3 $1 $16 {and life is bright.}) 28... Qd8 (28... Qd7 $17 29. Re5 Bxe5 30. fxe5 Qxd5+ 31. Kf2 Qg2+ 32. Ke1 Rh8) 29. Kh3 {[%emt 0:00:00] [#]} (29. Re5 $1 $11) 29... Qxd5 $1 $17 {[%emt 0:00:14][%mdl 64] ( -> ...Qg2+)} 30. Re2 {[%emt 0:00:00] Against Qg2+} (30. Qxe8 $2 Qg2+ 31. Kh4 Qxh2#) 30... Rf8 {[%emt 0:00:36][%cal Be8f8,Bf8f6,Bf6g6][%mdl 1056] Black has strong compensation.} 31. b3 (31. Rf1 $1 $15) 31... Rf6 $1 $19 32. Rf1 (32. Rbe1 {was worth a try.} Rg6 33. Bc1) 32... Rg6 33. Bc1 a4 $2 (33... Bc6 $1 $19) 34. bxa4 $2 (34. Bb2 $1 $14) 34... Bc6 $1 $17 35. Qh4 $2 {[%emt 0:00:16] [#]} (35. a5 $17) 35... Bf6 $2 {[%emt 0:00:13] A strong pair of Bishops.} ({Black should try} 35... Qd7 $1 $19 36. Be3 Bf6) 36. Bb2 $1 $11 Qxd3 {[%emt 0:00:10] Dancing on a razor blade.} (36... Bxb2 37. Qe7+ Kh8 38. Rxb2 $16) 37. Bxf6+ Rxf6 38. Qh5 Rg6 39. Rff2 {[%emt 0:00:06] Strongly threatening Rd2.} Bd5 (39... Qd1 $11 40. Qxg6+ Kxg6 41. Rxe6+ Kh5 42. Rxc6 Qg1) 40. Qh4 (40. Rd2 $16 Qa6 41. Qe2) 40... Rf6 41. Qh5 c4 42. Qe8 b3 (42... Rf7 $11) 43. axb3 $16 cxb3 44. Qe7+ (44. Rd2 $16 Qe4 45. Rd1) 44... Rf7 $11 45. Qb4 (45. Rd2 $5 Qxg3+ 46. hxg3 Rxe7 47. Rf1 $11) 45... Qd1 (45... Rb7 $11 46. Qe1 Qd4) 46. Qd2 Qb1 (46... Qa1 $14) 47. Qd4+ $2 (47. Re1 $18 Qxe1 48. Qxe1) 47... Kg6 ({Black should play} 47... Kh7 $1 $14) 48. Qb2 (48. a5 $16) 48... Qd3 (48... Qd1 $11) 49. Qe5 (49. Rd2 $16 Qe4 50. Rd4) 49... h5 $2 (49... Qd1 $11 {and Black has nothing to worry.}) 50. Qe3 $2 ({Better is} 50. Qh8 $18) 50... Qc4 51. Rd2 Rb7 52. Qe5 Qc6 {[%emt 0:00:09] [#]} (52... Qxa4 $11 {remains equal.} 53. Qd6 Kh7) 53. Qh8 (53. Rf1 $1 $16) 53... Bf3 $2 (53... Rg7 $11) 54. Rxf3 $2 Qxf3 $18 {[%emt 0:00:01][%mdl 4096] Endgame KQR-KQR} 55. Qe8+ Kf6 ({Don't do} 55... Kg7 56. Qxe6 Qg4+ 57. Kg2 $16) 56. Qh8+ Rg7 $2 (56... Kg6 $11) 57. Qf8+ $2 (57. Qh6+ {mates} Ke7 58. Qxg7+ Ke8 59. Qh8+ Ke7 60. Qd8+ Kf7 61. Rd7+ Kg6 62. Qg5#) 57... Kg6 $11 58. Qe8+ (58. Qh8 $2 b2 59. Rxb2 h4 $19) 58... Kf6 59. Qf8+ Kg6 {[%emt 0:00:28][%cal Ob3b2] Hoping for ...b2!} 60. Qe8+ ({Avoid the trap} 60. Qh8 $2 b2 61. Rxb2 h4 $19) 60... Kh7 {[%emt 0:00:00][%cal Ob3b2] aiming for ...b2!} 61. Qxe6 Rxg3+ $2 62. hxg3 Qh1+ {[%emt 0:00:00][%mdl 32768] A wild game.   Weighted Error Value: White=0.65/Black=0.65. Loss on time!?} 0-1